 Dungeon Crawl Stone Soup version 0.21-a0-243-g597973d (webtiles) character file.

14837 Ijustatesigmund the Cleaver (level 12, -10/100 HPs)
             Began as a Formicid Fighter on Sept 4, 2017.
             Was a High Priest of Okawaru.
             Mangled by a two-headed ogre
             ... wielding a +0 giant club
              (12 damage)
             ... on level 13 of the Dungeon.
             The game lasted 00:35:49 (13892 turns).

Ijustatesigmund the Cleaver (Formicid Fighter)     Turns: 13892, Time: 00:35:50

Health: -10/100    AC: 16    Str: 21    XL:     12   Next: 50%
Magic:  19/19      EV: 11    Int:  9    God:    Okawaru [*****.]
Gold:   641        SH: 10    Dex: 14    Spells: 9/11 levels left

rFire    + . .     SeeInvis +   a - +1 war axe
rCold    + . .     Gourm    .   c - +0 shield
rNeg     . . .     Faith    .   r - +3 scale mail {rC+}
rPois    .         Spirit   .   (helmet unavailable)
rElec    .         Reflect  .   K - scarf {cloud immunity}
rCorr    .         Harm     .   i - +3 pair of gauntlets of War {Slay+5}
MR       +....     Clarity  +   q - +1 pair of boots
Stlth    ..........             (no amulet)
HPRegen  0.26/turn              j - ring of wizardry
MPRegen  0.16/turn              w - ring of protection from fire

@: no status effects
A: permanent stasis, dig shafts and tunnels, four strong arms, antennae 3,
clarity, deterioration 1
a: Dig, Shaft Self, Heroism, Finesse, Renounce Religion


You were on level 13 of the Dungeon.
You worshipped Okawaru.
Okawaru was extremely pleased with you.
You were very hungry.

You visited 2 branches of the dungeon, and saw 15 of its levels.

You collected 697 gold pieces.
You spent 56 gold pieces at shops.

Inventory:

Hand Weapons
 a - a +1 war axe (weapon)
Armour
 c - a +0 shield (worn)
 i - the +3 pair of gauntlets of War (worn) {Slay+5}
   (You found it on level 6 of the Dungeon)

   It affects your accuracy and damage with ranged weapons and melee attacks
   (+5).
 q - a +1 pair of boots (worn)
 r - a +3 scale mail of cold resistance (worn)
 s - a +0 cloak
 G - a +1 chain mail of poison resistance
 K - a scarf of cloud immunity (worn)
Jewellery
 j - a ring of wizardry (left hand)
 w - a ring of protection from fire (right hand)
Wands
 h - a wand of enslavement (19/24)
 k - a wand of flame (5/48)
 B - a wand of polymorph (8/24)
 D - a wand of iceblast (6/15)
 I - a wand of digging (11/24)
 J - a wand of clouds (4/9)
Scrolls
 b - a scroll of recharging
 e - 5 scrolls of enchant weapon
 o - 2 scrolls of magic mapping
 p - 2 scrolls of fog
 y - 3 scrolls of remove curse
 A - 2 scrolls of fear
 E - a scroll of amnesia
 H - 3 scrolls of identify
Potions
 d - a potion of brilliance
 m - a potion of flight
 v - a potion of resistance
 C - 2 potions of curing
 L - a potion of magic
Books
 n - a Young Poisoner's Handbook

   Spells                             Type                      Level
   a - Sting                          Conjuration/Poison           1
   b - Poisonous Vapours              Poison/Air                   2
   c - Mephitic Cloud                 Conjuration/Poison/Air       3
   d - Olgreb's Toxic Radiance        Poison                       4
   e - Venom Bolt                     Conjuration/Poison           5
 t - a book of Changes

   Spells                             Type                      Level
   a - Beastly Appendage              Transmutation                1
   b - Sticks to Snakes               Transmutation                2
   c - Spider Form                    Transmutation/Poison         3
   d - Ice Form                       Ice/Transmutation            4
   e - Blade Hands                    Transmutation                5
 u - a book of Misfortune

   Spells                             Type                      Level
   a - Confusing Touch                Hexes                        1
   b - Confuse                        Hexes                        3
   c - Gell's Gravitas                Translocation                3
   d - Petrify                        Transmutation/Earth          4
   e - Metabolic Englaciation         Hexes/Ice                    5
   f - Yara's Violent Unravelling     Hexes/Transmutation          5
 x - the Handbook of Sand
   (You found it on level 13 of the Dungeon)

   Spells                             Type                      Level
   a - Throw Frost                    Conjuration/Ice              2
   b - Hydra Form                     Transmutation                6
 z - Ts'ui Pên's Catalogue of Forking Paths
   (You found it on level 13 of the Dungeon)

   Spells                             Type                      Level
   a - Tukima's Dance                 Hexes                        3
   b - Iskenderun's Battlesphere      Conjuration/Charms           5
   c - Darkness                       Hexes                        6
 F - a book of Party Tricks

   Spells                             Type                      Level
   a - Summon Butterflies             Summoning                    1
   b - Apportation                    Translocation                1
   c - Lesser Beckoning               Translocation                3
   d - Tukima's Dance                 Hexes                        3
   e - Alistair's Intoxication        Transmutation/Poison         5
   f - Invisibility                   Hexes                        6
Comestibles
 f - 6 bread rations
 g - 5 fruits
 l - 5 meat rations


   Skills:
 - Level 11.0 Fighting
 - Level 12.2 Axes
 - Level 5.3 Armour
 - Level 4.7 Dodging
 - Level 5.7 Shields
 + Level 2.0 Summonings
 + Level 2.3 Translocations
 + Level 9.7 Invocations


You had 9 spell levels left.
You knew the following spells:

 Your Spells              Type           Power        Failure   Level  Hunger
a - Summon Butterflies    Summ           #.......     34%         1    ##.....
b - Apportation           Tloc           #.....       32%         1    ##.....


Dungeon Overview and Level Annotations

Branches:
Dungeon (14/15)            Temple (1/1) D:6            Lair (0/6) D:9
    Orc (0/2) D:9
 Vaults: D:13-14

Altars:
Ashenzari
Cheibriados
Dithmenos
Elyvilon
Fedhas
Gozag
Hepliaklqana
Kikubaaqudgha
Makhleb
Nemelex Xobeh
Okawaru
Qazlal
Ru
Sif Muna
Trog
Uskayaw
Vehumet
Wu Jian
Xom
Yredelemnul
Zin
The Shining One
Beogh

Shops:
D:6 !

Annotations:
D:8 exclusion: ice statue


Innate Abilities, Weirdness & Mutations

You cannot be hasted, slowed, berserked, paralysed or teleported.
You can dig through walls and to a lower floor.
Your four strong arms can wield two-handed weapons with a shield.
You have a pair of large antennae on your head. (SInv)
You possess an exceptional clarity of mind.
Your body sometimes deteriorates upon taking damage.


Message History

You block the two-headed ogre's attack.
The two-headed ogre hits you but does no damage.
You block the centaur warrior's attack.
You slash the two-headed ogre!
The two-headed ogre is almost dead.
You slash the hound! You closely miss the centaur warrior.
The hound closely misses you. You block the centaur warrior's attack.
The two-headed ogre closely misses you.
The two-headed ogre hits you but does no damage.
You block the hound's attack.
You hit the two-headed ogre.
The two-headed ogre is almost dead.
You hit the centaur warrior. You slash the hound!
You kill the hound!
Okawaru accepts your kill.
The centaur warrior hits you but does no damage.
The centaur warrior hits you!
* * * LOW HITPOINT WARNING * * *
The two-headed ogre hits you with a giant club!
You die...

##########
##........#
..........+
#...<....#
.≈......#
#≈.....# {{
#.....# {
#.O@†.# {{
#..c..#
##+#### { {


You could see a centaur warrior and a two-headed ogre.

Vanquished Creatures
  Snorg (D:11)
  Erica (D:10)
  A centaur warrior (D:10)
  A two-headed ogre (D:9)
  2 deep elf magi
  A manticore (D:11)
  A komodo dragon (D:9)
  A troll (D:11)
  2 hornets
  Grinder (D:3)
  5 hippogriffs
  Sigmund (D:3)
  A basilisk (D:12)
  4 hungry ghosts
  2 steam dragons
  Eustachio (D:5)
  Menkaure (D:4)
  3 water moccasins
  Edmund (D:5)
  2 black bears
  An ice beast (D:11)
  5 sky beasts
  10 orc warriors
  4 ogres
  A necrophage (D:10)
  2 phantoms
  2 centaurs
  A crocodile (D:10)
  2 big kobolds
  6 bullfrogs
  2 scorpions
  17 wights
  16 killer bees
  The ghost of p0werm0de the Grave Robber, a weakling DgNe (D:4)
  A howler monkey (D:5)
  A crimson imp (D:12)
  A bullfrog zombie (D:11)
  4 jellies
  Crazy Yiuf (D:3)
  2 hounds
  14 orc priests
  A bullfrog skeleton (D:8)
  2 iguanas
  14 orc wizards
  Ijyb (D:5)
  Terence (D:3)
  7 worker ants
  2 hound skeletons
  A worker ant zombie (D:5)
  Robin (D:2)
  11 adders
  4 gnolls (D:10)
  3 oozes
  2 adder zombies
  2 adder skeletons
  5 worms
  7 dart slugs
  8 leopard geckos
  78 orcs
  3 giant cockroaches
  16 goblins
  9 hobgoblins
  15 jackals
  25 kobolds
  5 quokkas
  3 ball pythons
  7 bats
  7 frilled lizards
  A leopard gecko skeleton (D:5)
  4 rats
372 creatures vanquished.

Vanquished Creatures (collateral kills)
  A two-headed ogre (D:10)
  An ice beast (D:10)
2 creatures vanquished.

Vanquished Creatures (others)
  A killer bee (D:7)
1 creature vanquished.

Grand Total: 375 creatures vanquished

Notes
Turn   | Place    | Note
-------+----------+-------------------------------------------
     0 | D:1      | Ijustatesigmund the Formicid Fighter began the quest for the Orb.
     0 | D:1      | Reached XP level 1. HP: 18/18 MP: 1/1
    57 | D:1      | Reached XP level 2. HP: 17/24 MP: 2/2
   227 | D:1      | Reached XP level 3. HP: 28/29 MP: 3/3
   278 | D:1      | Reached skill level 3 in Axes
   714 | D:1      | Reached XP level 4. HP: 32/37 MP: 4/4
  1124 | D:2      | Noticed Robin
  1136 | D:2      | Reached skill level 4 in Axes
  1141 | D:2      | Killed Robin
  1141 | D:2      | Reached XP level 5. HP: 32/42 MP: 5/5
  1835 | D:3      | Noticed Sigmund
  1852 | D:3      | Killed Sigmund
  1852 | D:3      | Reached skill level 5 in Axes
  1852 | D:3      | Reached XP level 6. HP: 25/49 MP: 6/6
  2027 | D:3      | Reached skill level 5 in Fighting
  2193 | D:3      | Noticed Terence
  2209 | D:3      | Killed Terence
  2262 | D:3      | Noticed Grinder
  2274 | D:3      | Killed Grinder
  2274 | D:3      | Reached skill level 6 in Axes
  2274 | D:3      | Reached XP level 7. HP: 16/56 MP: 7/7
  2859 | D:3      | Found a runed door.
  2863 | D:3      | Noticed Crazy Yiuf
  2867 | D:3      | Killed Crazy Yiuf
  3295 | D:4      | Noticed Menkaure
  3308 | D:4      | Killed Menkaure
  3308 | D:4      | Reached skill level 7 in Axes
  3308 | D:4      | Reached XP level 8. HP: 49/64 MP: 8/8
  3585 | D:4      | Noticed p0werm0de's ghost (weakling DgNe)
  3592 | D:4      | Killed p0werm0de's ghost
  4493 | D:5      | Entered Level 5 of the Dungeon
  4525 | D:5      | Noticed Edmund
  4527 | D:5      | Noticed Ijyb
  4580 | D:5      | Killed Edmund
  4586 | D:5      | Killed Ijyb
  5072 | D:5      | Reached skill level 5 in Shields
  5110 | D:5      | Found a blossoming altar of Fedhas.
  5362 | D:5      | Noticed Eustachio
  5397 | D:5      | Killed Eustachio
  5397 | D:5      | Reached skill level 5 in Armour
  5397 | D:5      | Reached XP level 9. HP: 71/71 MP: 9/9
  5591 | D:6      | Found the +3 pair of gauntlets of War {Slay+5}
  5824 | D:6      | Reached skill level 8 in Axes
  5828 | D:6      | Reached skill level 1 in Dodging
  5926 | D:6      | Found a staircase to the Ecumenical Temple.
  5932 | Temple   | Entered the Ecumenical Temple
  6110 | Temple   | Became a worshipper of Warmaster Okawaru
  6147 | D:6      | Found Datz's Distillery.
  6150 | D:6      | Bought a potion of agility for 56 gold pieces
  6179 | D:6      | Reached skill level 1 in Invocations
  6579 | D:7      | Reached * piety under Okawaru
  6990 | D:7      | Reached XP level 10. HP: 68/80 MP: 12/12
  7111 | D:7      | Found a shimmering altar of Xom.
  7114 | D:7      | Found a shattered altar of Ashenzari.
  7118 | D:7      | Found a sparkling altar of Nemelex Xobeh.
  7230 | D:7      | Reached skill level 9 in Axes
  7247 | D:7      | Reached ** piety under Okawaru
  7723 | D:7      | Reached skill level 5 in Invocations
  8673 | D:8      | Noticed an ice statue
  9154 | D:9      | Found a roughly hewn altar of Beogh.
  9163 | D:9      | You fall through a shaft!
  9163 | D:10     | Entered Level 10 of the Dungeon
  9350 | D:10     | Reached *** piety under Okawaru
  9489 | D:9      | Found a staircase to the Orcish Mines.
  9502 | D:9      | You fall through a shaft!
  9718 | D:9      | Reached XP level 11. HP: 31/89 MP: 15/15
 10059 | D:9      | You fall through a shaft!
 10179 | D:10     | Reached skill level 10 in Axes
 10339 | D:10     | Noticed a two-headed ogre
 10347 | D:10     | Reached **** piety under Okawaru
 10351 | D:10     | Killed a two-headed ogre
 10870 | D:10     | Reached skill level 10 in Fighting
 11034 | D:10     | Noticed Erica
 11043 | D:10     | Killed Erica
 11043 | D:10     | Reached skill level 11 in Axes
 11055 | D:10     | Learned a level 1 spell: Summon Butterflies
 11124 | D:10     | Noticed a centaur warrior
 11134 | D:10     | Killed a centaur warrior
 11134 | D:10     | Reached ***** piety under Okawaru
 11142 | D:10     | Gained mutation: Your mind is acute. (Int +2) [potion of mutation]
 11142 | D:10     | Gained mutation: You have sharp fingernails. [potion of mutation]
 11142 | D:10     | Gained mutation: Your spells are a little harder to cast, but a little more powerful. [potion of mutation]
 11143 | D:10     | Lost mutation: Your spells are a little harder to cast, but a little more powerful. [potion of mutation]
 11143 | D:10     | Lost mutation: You have sharp fingernails. [potion of mutation]
 11143 | D:10     | Lost mutation: Your mind is acute. (Int +2) [potion of mutation]
 11143 | D:10     | Gained mutation: Your body sometimes deteriorates upon taking damage. [potion of mutation]
 11143 | D:10     | Gained mutation: Your mind is acute. (Int +2) [potion of mutation]
 11143 | D:10     | Lost mutation: Your mind is acute. (Int +2) [potion of mutation]
 11143 | D:10     | Gained mutation: You possess an exceptional clarity of mind. [potion of mutation]
 11605 | D:9      | Noticed a two-headed ogre
 11610 | D:9      | Killed a two-headed ogre
 11678 | D:9      | Found a staircase to the Lair.
 11782 | D:11     | Reached XP level 12. HP: 98/99 MP: 18/18
 11810 | D:11     | Noticed Snorg
 11820 | D:11     | You fall through a shaft for 3 floors!
 12186 | D:13     | Received a gift from Okawaru
 12291 | D:13     | Identified the Handbook of Sand
 12298 | D:13     | Identified Ts'ui Pên's Catalogue of Forking Paths
 12695 | D:12     | Reached skill level 12 in Axes
 12811 | D:11     | Killed Snorg
 12947 | D:11     | Learned a level 1 spell: Apportation
 13078 | D:11     | Reached skill level 1 in Translocations
 13126 | D:11     | Reached skill level 1 in Summonings
 13137 | D:11     | Found a burning altar of Makhleb.
 13874 | D:12     | Noticed a two-headed ogre
 13878 | D:12     | Noticed a centaur warrior
 13892 | D:13     | HP: 2/100 [centaur warrior (8)]
 13892 | D:13     | Mangled by a two-headed ogre

Vault maps used:
D:1:      nzn_arrival_settlement, minmay_misc_feat_cross
D:2:      uniq_robin
D:3:      uniq_terence, uniq_sigmund, uniq_crazy_yiuf_cottage, uniq_grinder
D:4:      cheibrodos_pilgrimage, uniq_menkaure
D:5:      lemuel_round_altar, first_bread, uniq_ijyb, uniq_edmund,
          uniq_eustachio
D:6:      temple_green, serial_shops, shop
D:7:      minitemple
D:8:      lemuel_ice_statue
D:9:      lair_entry_dummy, david_orc_5
D:10:     uniq_erica
D:11:     basic_altar, uniq_snorg
D:12:     minmay_glassy_protrusions, uniq_rupert
D:13:     grunt_vaults_entry_tiered, hangedman_little_slice_of_home,
          bh_hangedman_babel_library
D:14:     serial_park_tiny_pond, uniq_josephine, uniq_roxanne
Temple:   regret_index_temple_mists

Skill      XL: |  1  2  3  4  5  6  7  8  9 10 11 12 |
---------------+-------------------------------------+-----
Axes           | 3 4 5 6 7 8 9 11 12 | 12.2
Fighting       | 4 5 6 8 9 10 11 | 11.0
Shields        | 4 5 |  5.7
Armour         | 5 |  5.3
Dodging        | 3 4 |  4.7
Invocations    | 3 6 8 9 |  9.7
Translocations | 2 |  2.3
Summonings     | 2 |  2.0

Action                   |  1- 3 |  4- 6 |  7- 9 | 10-12 || total
-------------------------+-------+-------+-------+-------++-------
Melee: War axe           |   107 |   178 |   401 |   625 ||  1311
Invok: Heroism           |       |       |     2 |       ||     2
 Abil: Dig               |       |     1 |     2 |     6 ||     9
       Shaft Self        |       |       |       |     4 ||     4
Evoke: Wand              |       |       |     1 |    13 ||    14
  Use: Scroll            |     4 |     6 |     4 |    11 ||    25
       Potion            |       |     2 |     4 |     4 ||    10
  Eat: Chunk             |       |     5 |    13 |    18 ||    36
       Bread ration      |       |       |     1 |     2 ||     3
       Meat ration       |       |       |     1 |       ||     1
       Fruit             |       |       |       |     7 ||     7
       Royal jelly       |       |       |       |     1 ||     1
Armor: Scale mail        |    56 |    14 |       |    42 ||   112
       Chain mail        |       |    71 |   174 |   211 ||   456
       Skin              |       |       |     4 |       ||     4
Dodge: Dodged            |    38 |    41 |    78 |   197 ||   354
Block: Shield            |    88 |    87 |   175 |   343 ||   693

Table legend:
 A = Spawn XP
 B = Non-spawn XP
 C = Spawn XP percentage of total XP
 D = Spawn monster count
 E = Non-spawn monster count
 F = Spawn count percentage of total count
 G = Total turns spent on level
                    A         B        C        D         E        F      G
               +---------+---------+-------+---------+---------+-------+---------
         Total |    2228 |   18968 |  10.5 |      66 |     308 |  17.6 | 13892
               +---------+---------+-------+---------+---------+-------+---------
           D:1 |      16 |      59 |  21.3 |       9 |      24 |  27.3 |   756
           D:2 |      61 |      86 |  41.5 |       6 |      35 |  14.6 |  1014
           D:3 |      56 |     654 |   7.9 |       5 |      22 |  18.5 |  1325
           D:4 |      29 |     397 |   6.8 |       9 |      11 |  45.0 |  1398
           D:5 |       7 |     776 |   0.9 |       1 |      18 |   5.3 |  1055
           D:6 |     217 |     791 |  21.5 |       6 |      18 |  25.0 |   772
           D:7 |     609 |    1430 |  29.9 |       7 |      35 |  16.7 |  1483
           D:8 |       0 |     721 |   0.0 |       0 |      14 |   0.0 |   785
           D:9 |     629 |    3162 |  16.6 |      10 |      52 |  16.1 |  1228
          D:10 |     369 |    4839 |   7.1 |       9 |      28 |  24.3 |  1531
          D:11 |     137 |    3997 |   3.3 |       2 |      37 |   5.1 |  1347
          D:12 |      98 |    1411 |   6.5 |       2 |      12 |  14.3 |   511
          D:13 |       0 |     645 |   0.0 |       0 |       2 |   0.0 |   145
               +---------+---------+-------+---------+---------+-------+---------
